 Dungeon Crawl Stone Soup version 0.24.0-123-gd5b16e6ec5 (webtiles) character file.

Game seed: 10448559493751861561, levelgen mode: deterministic

4614 FishyPogo the Fighter (level 10, -6/142 HPs)
             Began as a White Draconian Chaos Knight on Feb 9, 2020.
             Was a Plaything of Xom.
             Killed by divine providence
             ... invoked by a smoke demon
              (16 damage)
             ... on level 2 of the Abyss.
             The game lasted 00:39:24 (6918 turns).

FishyPogo the Fighter (DrCK)                        Turns: 6918, Time: 00:39:25

Health: -6/142     AC: 30    Str: 17    XL:     10   Next: 19%
Magic:  14/14      EV:  2    Int: 14    God:    Xom [......]
Gold:   511        SH:  0    Dex: 10    Spells: 8/14 levels left

rFire    . . .     SeeInvis .   J - +0 long sword (holy)
rCold    . . .     Gourm    .   (no shield)
rNeg     + + +     Faith    .   (armour unavailable)
rPois    +         Spirit   .   (helmet currently unavailable)
rElec    .         Reflect  .   (cloak currently unavailable)
rCorr    .         Harm     .   (gloves currently unavailable)
MR       +....     NoTele   +   (boots currently unavailable)
Stlth    +.........             (no amulet)
HPRegen  0.33/turn              l - +5 ring of protection
MPRegen  0.14/turn              q - ring of protection from magic

@: tree-form
A: (breathe frost), unfitting armour, wild magic 1, AC +7
a: Renounce Religion


You were on level 2 of the Abyss.
You worshipped Xom.
You were a very special plaything of Xom.
You were not hungry.
You were a tree.
You visited 1 branch of the dungeon, and saw 9 of its levels.
You visited the Abyss 1 time.

You collected 511 gold pieces.

Inventory:

Hand Weapons
 a - a +1 dagger of electrocution
 b - a +0 hunting sling
 J - a +0 long sword of holy wrath (weapon)
Missiles
 e - 149 stones
 o - 35 sling bullets
 v - 14 boomerangs
 y - 13 poisoned darts (quivered)
 B - 5 silver boomerangs
Magical Staves
 A - an uncursed staff of energy
Jewellery
 l - a +5 ring of protection (left branch)
 q - a ring of protection from magic (right branch)
 C - a +2 ring of slaying {unknown}
Wands
 x - a wand of acid (3)
 H - a wand of iceblast (10)
Scrolls
 f - a scroll of teleportation
 h - 3 scrolls of amnesia
 j - 3 scrolls of immolation {unknown}
 k - 7 scrolls of identify
 m - 2 scrolls of blinking
 r - 2 scrolls of remove curse
 s - a scroll of enchant armour {unknown}
 w - 3 scrolls of random uselessness {unknown}
 z - a scroll of noise {unknown}
 E - a scroll of brand weapon {unknown}
 G - a scroll of vulnerability {unknown}
 I - a scroll of enchant weapon {unknown}
Potions
 d - 2 potions of curing
 g - a potion of might
 i - a potion of magic
 t - a potion of degeneration
 u - a potion of berserk rage
 D - 2 potions of cancellation {unknown}
 F - a potion of resistance {unknown}
Comestibles
 c - 14 rations


   Skills:
 - Level 11.0 Fighting
 * Level 0.0(1.7) Short Blades
 - Level 3.0 Long Blades
 - Level 3.0 Slings
 + Level 6.6 Dodging
 + Level 2.9 Spellcasting
 - Level 6.0 Hexes
 + Level 3.8 Ice Magic


You had 8 spell levels left.
You knew the following spells:

 Your Spells              Type           Power        Failure   Level  Hunger
a - Corona                Hex            ###....      3%          1    #......
b - Ensorcelled Hibernat  Hex/Ice        ###...       7%          2    ##.....
k - Tukima's Dance        Hex            ###.....     9%          3    ###....

Your spell library contained the following spells:

 Spells                   Type           Power        Failure   Level  Hunger
 Confuse                  Hex            ###.....     9%          3    ###....
 Dazzling Spray           Conj/Hex       ##....       26%         3    ###....


Dungeon Overview and Level Annotations

Branches:
Dungeon (9/15)             Temple (0/1) D:7
   Lair: D:8-11         Orc: D:9-12

Altars:
Ashenzari
Dithmenos
Gozag
Hepliaklqana
Kikubaaqudgha
Nemelex Xobeh
Ru
Uskayaw
Xom

Shops:
D:6 ?

Annotations:
D:7 Pikel


Innate Abilities, Weirdness & Mutations

((You can breathe waves of freezing cold.))
((You can buffet flying creatures when you breathe cold.))
((Your icy white scales are hard. (AC +7)))
You cannot fit into any form of body armour.
((Your flesh is very cold resistant. (rC++)))
((You are cold-blooded and may be slowed by cold attacks.))
((Your large and strong wings let you fly indefinitely.))
((Your tail ends in a poisonous barb.))
Your spells are a little harder to cast, but a little more powerful.


Message History

The flying skull hits you but does no damage.
You miss the flying skull.
You are engulfed in a cloud of scalding steam.
* * * LOW HITPOINT WARNING * * *
The flying skull gives a hideous shriek!
You hear a hideous shriek!
The flying skull hits you but does no damage. x4
A flying skull comes into view.
It was a potion of mutation.
You feel extremely strange.
Your magical essence no longer links to wands of the dungeon.
You feel frail.
Your vision blurs.
A poisonous barb forms on the end of your tail.
Your vision sharpens.
You feel more resistant to cold.
You are engulfed in a cloud of scalding steam.
* * * LOW HITPOINT WARNING * * *
The flying skull hits you but does no damage. x2
The smoke demon gestures at you. Something smites you!
You die...
Xom thinks this is hilarious!

.# .. ...
..# # . #
.# ... . .
#..#. . .#
. . . ...
.# # ...
##..# .
####.. . .
. ###.#.#.#
.. .#♣z#..#
#
###zz....#
#. ## #
..#.z.....
#. #
.#3...#.#
#.§3§ .
##..§.##z..
...§. .#.
.. .### .
#..# #
.....# .##
# ###### #.
... # .....
.. #


You could see a smoke demon and 5 flying skulls.

Vanquished Creatures
  Joseph (D:7)
  Psyche (D:9)
  A queen bee (D:8)
  A slime creature (D:7)
  A hippogriff (D:7)
  Menkaure (D:7)
  A floating eye (shapeshifter) (D:4)
  2 ice beasts (D:7)
  2 sky beasts
  An orc warrior (D:4)
  2 slaves (D:6)
  2 ogres
  2 centaurs
  2 bullfrogs
  2 scorpions (D:6)
  5 killer bees (D:6)
  2 howler monkeys (D:8)
  2 crimson imps
  An iron imp (D:6)
  A gnoll shaman (D:6)
  2 orc priests
  2 bullfrog zombies
  A hound (D:4)
  3 jellies
  9 orc wizards
  An iguana (D:7)
  2 worker ants
  2 worker ant zombies
  5 gnolls
  5 adders
  2 shadow imps
  An ooze (D:2)
  2 adder skeletons
  2 worms
  5 dart slugs
  6 leopard geckos
  31 orcs
  7 giant cockroaches
  5 goblins
  11 hobgoblins
  18 jackals
  3 quokkas
  2 ball pythons
  7 bats
  5 frilled lizards
  6 kobolds
  A leopard gecko skeleton (D:4)
  2 quokka zombies
  8 rats
189 creatures vanquished.

Vanquished Creatures (collateral kills)
  An unseen horror (shapeshifter) (D:8)
  4 slime creatures (D:8)
  An ice beast (D:6)
  An orc priest (D:6)
  3 orc wizards (D:6)
  2 gnolls (D:6)
  3 orcs
15 creatures vanquished.

Vanquished Creatures (others)
  A killer bee zombie (D:8)
1 creature vanquished.

Grand Total: 205 creatures vanquished

Notes
Turn   | Place    | Note
-------+----------+-------------------------------------------
     0 | D:1      | FishyPogo the Draconian Chaos Knight began the quest for
                  | the Orb.
     0 | D:1      | Reached XP level 1. HP: 19/19 MP: 1/1
   101 | D:1      | XOM: divination: detect items
   224 | D:1      | Reached XP level 2. HP: 26/26 MP: 2/2
   365 | D:1      | XOM: silly message
   447 | D:1      | XOM: harmless Pois miscast
   537 | D:2      | Reached skill level 4 in Fighting
   557 | D:2      | Reached XP level 3. HP: 33/33 MP: 3/3
   600 | D:2      | Reached skill level 1 in Slings
   620 | D:2      | Found a sacrificial altar of Ru.
   975 | D:2      | Found a faded altar of an unknown god.
  1139 | D:3      | Reached XP level 4. HP: 37/41 MP: 4/4
  1139 | D:3      | XOM: divination: detect creatures
  1160 | D:3      | XOM: divination: magic mapping
  1383 | D:3      | XOM: harmless Erth miscast
  1434 | D:3      | Reached skill level 5 in Fighting
  1434 | D:3      | Reached XP level 5. HP: 42/48 MP: 5/5
  1708 | D:3      | Found a shattered altar of Ashenzari.
  1711 | D:3      | Found an opulent altar of Gozag.
  1714 | D:3      | Found an ancient bone altar of Kikubaaqudgha.
  1717 | D:3      | Found a shadowy altar of Dithmenos.
  2122 | D:4      | Noticed a glowing shapeshifter
  2122 | D:4      | a hound changed into a glowing shapeshifter
  2122 | D:4      | XOM: potion effect (agility)
  2122 | D:4      | Noticed a snapping turtle
  2122 | D:4      | a glowing shapeshifter changed into a snapping turtle
  2123 | D:4      | Noticed a death drake
  2123 | D:4      | a snapping turtle changed into a death drake
  2127 | D:4      | XOM: potion effect (might)
  2129 | D:4      | Noticed a glowing orange brain
  2129 | D:4      | a death drake changed into a glowing orange brain
  2131 | D:4      | Noticed a glowing shapeshifter
  2131 | D:4      | a glowing orange brain changed into a glowing shapeshifter
  2132 | D:4      | Noticed a floating eye
  2132 | D:4      | a glowing shapeshifter changed into a floating eye
  2133 | D:4      | Killed a floating eye
  2133 | D:4      | Reached XP level 6. HP: 57/57 MP: 6/6
  2206 | D:4      | Noticed an orc warrior
  2441 | D:4      | XOM: potion effect (invisibility)
  2453 | D:4      | Reached skill level 6 in Fighting
  2454 | D:4      | XOM: butterfly on damage
  2700 | D:4      | XOM: god gift: bardiche {god gift}
  2718 | D:4      | XOM: harmless Fire miscast
  2729 | D:4      | XOM: summons friendly ufetubus
  2730 | D:4      | Your scales start taking on an icy white colour.
  2730 | D:4      | Reached XP level 7. HP: 57/64 MP: 7/7
  2730 | D:4      | Gained mutation: Your flesh is cold resistant. (rC+) [White
                  | Draconian growth]
  2820 | D:4      | Reached skill level 7 in Fighting
  2843 | D:4      | Learned a level 3 spell: Tukima's Dance
  2845 | D:4      | Learned a level 1 spell: Corona
  3079 | D:5      | Entered Level 5 of the Dungeon
  3153 | D:5      | XOM: summons friendly shadow imp
  3162 | D:5      | Reached skill level 1 in Hexes
  3169 | D:5      | XOM: 2-stop teleportation journey
  3285 | D:5      | XOM: 8-stop teleportation journey
  3310 | D:5      | XOM: harmless Necr miscast
  3402 | D:5      | XOM: enchant monster (bad)
  3613 | D:5      | XOM: give mutations
  3613 | D:5      | Gained mutation: You expend magic power (3 MP) to
                  | strengthen your wands. [Xom's grace]
  3613 | D:5      | Gained mutation: Your spells are a little harder to cast,
                  | but a little more powerful. [Xom's grace]
  3613 | D:5      | Gained mutation: Your large and strong wings let you fly
                  | indefinitely. [Xom's grace]
  3613 | D:5      | Gained mutation: You are robust. (+10% HP) [Xom's grace]
  3710 | D:6      | Reached XP level 8. HP: 77/81 MP: 8/8
  3711 | D:6      | Reached skill level 8 in Fighting
  3735 | D:6      | XOM: scenery: create altars
  3885 | D:6      | XOM: polymorph crimson imp -> iron imp
  4030 | D:6      | Found a hide-covered altar of Uskayaw.
  4030 | D:6      | XOM: 5-stop teleportation journey
  4059 | D:6      | Found Ixemi's Magic Scroll Shoppe.
  4071 | D:6      | XOM: summons 3 friendly demons
  4079 | D:6      | Reached skill level 5 in Dodging
  4086 | D:6      | XOM: polymorph quasit -> shadow imp
  4097 | D:6      | Found a hazy altar of Hepliaklqana.
  4187 | D:6      | XOM: fake destruction
  4285 | D:6      | XOM: noise
  4347 | D:6      | XOM: harmless Conj miscast
  4441 | D:6      | XOM: god gift: long runed staff {god gift}
  4446 | D:6      | Learned a level 2 spell: Ensorcelled Hibernation
  4544 | D:6      | XOM: summons 8 friendly demons
  4595 | D:6      | Reached skill level 9 in Fighting
  4602 | D:6      | XOM: summons friendly iron imp
  4734 | D:7      | Noticed a hippogriff
  4743 | D:7      | Killed a hippogriff
  4761 | D:7      | Reached skill level 5 in Hexes
  4761 | D:7      | Reached XP level 9. HP: 69/91 MP: 9/9
  4816 | D:7      | Noticed Menkaure
  4819 | D:7      | XOM: enchant monster (good)
  4845 | D:7      | Killed Menkaure
  4934 | D:7      | Found a sparkling altar of Nemelex Xobeh.
  5006 | D:7      | XOM: divination: magic mapping
  5069 | D:7      | Found a staircase to the Ecumenical Temple.
  5134 | D:7      | Noticed Pikel
  5349 | D:7      | Noticed Joseph
  5353 | D:7      | XOM: swap monsters
  5356 | D:7      | XOM: enchant monster (good)
  5366 | D:7      | XOM: cleaving
  5372 | D:7      | Killed Joseph
  5372 | D:7      | Reached skill level 10 in Fighting
  5372 | D:7      | Reached skill level 1 in Ice Magic
  5679 | D:8      | Reached skill level 1 in Spellcasting
  5698 | D:8      | Noticed a queen bee
  5698 | D:8      | a hippogriff changed into a queen bee
  5698 | D:8      | XOM: polymorph hippogriff -> queen bee
  5708 | D:8      | XOM: cleaving
  5714 | D:8      | XOM: divine lightning
  5720 | D:8      | XOM: fog
  5728 | D:8      | XOM: 6-stop teleportation journey
  5749 | D:8      | XOM: smoke on damage
  5832 | D:8      | XOM: god gift: 17 stones
  6097 | D:8      | XOM: god gift: forked brass wand {god gift}
  6105 | D:8      | Killed a queen bee
  6219 | D:8      | XOM: scenery: create altars
  6365 | D:8      | XOM: cast spell 'Death Channel'
  6367 | D:8      | XOM: cloud trail
  6376 | D:8      | XOM: summons 9 friendly demons
  6394 | D:8      | Reached XP level 10. HP: 63/103 MP: 1/13
  6399 | D:8      | Killed an unseen horror
  6479 | D:9      | Noticed Psyche
  6489 | D:9      | XOM: scenery: create altars
  6492 | D:9      | Killed Psyche
  6492 | D:9      | Reached skill level 11 in Fighting
  6770 | D:6      | XOM: mild Ice miscast
  6826 | D:6      | Cast into level 2 of the Abyss (Xom)
  6826 | Abyss:2  | Found a corrupted altar of Lugonu.
  6851 | Abyss:2  | XOM: summons 1 hostile shadow creature
  6852 | Abyss:2  | Noticed a smoke demon
  6872 | Abyss:2  | Noticed a smoke demon
  6918 | Abyss:2  | Lost mutation: You expend magic power (3 MP) to strengthen
                  | your wands. [potion of mutation]
  6918 | Abyss:2  | Lost mutation: You are robust. (+10% HP) [potion of
                  | mutation]
  6918 | Abyss:2  | Gained mutation: Scrolls take you a little longer to read.
                  | [potion of mutation]
  6918 | Abyss:2  | Gained mutation: Your tail ends in a poisonous barb.
                  | [potion of mutation]
  6918 | Abyss:2  | Lost mutation: Scrolls take you a little longer to read.
                  | [potion of mutation]
  6918 | Abyss:2  | Gained mutation: Your flesh is very cold resistant. (rC++)
                  | [potion of mutation]
  6918 | Abyss:2  | Killed from afar by a smoke demon

Levels and vault maps discovered:
D:1:      dpeg_arrival_another_circle, layout_basic
D:2:      layout_basic, lemuel_crystal_altar, chequers_ecumenical_altar_island
D:3:      layout_basic, grunt_temple_overflow_cloverleaf, first_ration
D:4:      layout_cave_pods
D:5:      layout_loops_cross
D:6:      wander_river, layout_basic, kennysheep_little_box,
          overflow_temple_1_default, serial_shops, nicolae_shop_trees,
          minmay_misc_feat_square
D:7:      layout_gridville, nemelex_xobeh_ov_fountains_minmay,
          minmay_temple_entry_drinking_statues, uniq_pikel, uniq_menkaure,
          uniq_joseph
D:8:      layout_gridville
D:9:      layout_cave_pools, zombieorc1_lemuel, uniq_psyche
Abyss:2:  base: D:4, gammafunk_abyss_exit_x_factor, minivault_25,
          hangedman_shadowy_showcase, hangedman_shadowy_showcase

Skill      XL: |  1  2  3  4  5  6  7  8  9 10 |
---------------+-------------------------------+-----
Fighting       | 4 5 6 7 9 10 11 | 11.0
Slings         | 1 2 3 |  3.0
Dodging        | 3 4 5 6 |  6.6
Hexes          | 2 5 6 |  6.0
Ice Magic      | 3 |  3.8
Spellcasting   | 2 |  2.9
Long Blades    | |  3.0

Action                   |  1- 3 |  4- 6 |  7- 9 | 10-12 || total
-------------------------+-------+-------+-------+-------++-------
Melee: Falchion          |    39 |   152 |   416 |     9 ||   616
       Tailslap          |     4 |    23 |    66 |     4 ||    97
       Long sword        |       |       |       |     5 ||     5
 Fire: Hunting sling     |    73 |    33 |       |       ||   106
Throw: Stone             |     1 |     1 |       |       ||     2
       Boomerang         |       |     4 |    11 |       ||    15
       Dart              |       |       |     2 |     6 ||     8
 Cast: Corona            |       |       |    21 |       ||    21
       Tukima's Dance    |       |       |     3 |       ||     3
       Ensorcelled Hiber |       |       |     1 |       ||     1
 Abil: Breathe Frost     |       |       |    27 |     1 ||    28
       Fly               |       |       |     1 |       ||     1
  Use: Scroll            |       |       |     4 |     2 ||     6
       Potion            |       |       |     4 |     3 ||     7
 Stab: Sleeping          |     1 |     1 |     1 |       ||     3
       Petrified         |       |     8 |       |       ||     8
       Paralysed         |       |       |     6 |       ||     6
       Confused          |       |       |     4 |       ||     4
  Eat: Chunk             |     1 |     5 |    20 |       ||    26
       Ration            |       |       |       |     1 ||     1
Armor: Skin              |    21 |    44 |   210 |    19 ||   294
Dodge: Dodged            |    25 |    87 |   308 |     6 ||   426
       Rpst.: Falchion   |     9 |    20 |    89 |     1 ||   119
       Long sword        |       |       |       |     1 ||     1
